 Dungeon Crawl Stone Soup version 0.27-a0-1118-ga84896973d (webtiles) character file.

Game seed: 5036244322583854231

26 DogServant the Grave Robber (level 3, -2/17 HPs)
             Began as a Vine Stalker Necromancer on May 2, 2021.
             Slain by Jessica
             ... wielding a +0 dagger
              (6 damage)
             ... on level 2 of the Dungeon.
             The game lasted 00:03:27 (1580 turns).

DogServant the Grave Robber (VSNe)                  Turns: 1580, Time: 00:03:27

Health: -2/17      AC:  2    Str: 11    XL:     3   Next: 8%
Magic:  0/7        EV: 12    Int: 15    God:
Gold:   42         SH:  0    Dex: 14    Spells: 2/6 levels left

rFire    . . .     SeeInvis .   g - +1 dagger (venom)
rCold    . . .     Faith    .   (no shield)
rNeg     . . .     Spirit   +   a - +0 robe
rPois    .         Reflect  .   (no helmet)
rElec    .         Harm     .   (no cloak)
rCorr    .         Rampage  .   (no gloves)
Will     .....                  (no boots)
Stlth    ++........             (no amulet)
HPRegen  0.05/turn              (no ring)
MPRegen  0.10/turn              (no ring)

@: very slightly contaminated, slowed, very slow
A: fangs 2, magic shield, antimagic bite, no potion heal 2
a: no special abilities


You were on level 2 of the Dungeon.
You visited 1 branch of the dungeon, and saw 2 of its levels.

You collected 42 gold pieces.

Inventory:

Hand Weapons
 b - a +0 dagger
 f - a +0 whip
 g - a +1 dagger of venom (weapon)
Missiles
 d - 3 poisoned darts (quivered)
Armour
 a - a +0 robe (worn)
Scrolls
 c - a scroll of amnesia {unknown}
 h - a scroll of brand weapon {unknown}
Potions
 e - a potion of heal wounds


   Skills:
 + Level 0.6 Fighting
 - Level 1.5 Dodging
 + Level 2.9 Stealth
 - Level 2.1 Spellcasting
 + Level 4.6 Necromancy


You had 2 spell levels left.
You knew the following spells:

 Your Spells              Type           Power      Damage    Failure   Level
a - Pain                  Necr           60%        1d7       3%          1
b - Vampiric Draining     Necr           7%         2d7       10%         3

Your spell library contained the following spells:

 Spells                   Type           Power      Damage    Failure   Level
 Animate Skeleton         Necr           30%        N/A       3%          1
 Animate Dead             Necr           7%         N/A       32%         4
 Agony                    Necr           15%        N/A       65%         5


Dungeon Overview and Level Annotations

Branches:
Dungeon (2/15)

Altars:

Annotations:
D:2 Jessica


Innate Abilities, Weirdness & Mutations

You have extremely sharp teeth.
When hurt, damage is shared between your health and your magic reserves.
Your bite disrupts and absorbs the magic of your enemies.
Potions cannot restore your health.


Message History

Unknown command.
Jessica drinks a potion.
Jessica is healed!
Casting: Pain (safe; 3% risk of failure)
Confirm with . or Enter, or press ? or * to list all spells.
Aiming: Pain (safe; 3% risk of failure)
Press: ? - help, Shift-Dir - straight line, f - Jessica
Aim: Jessica, wielding a +0 dagger and wearing a +0 robe (chance to affect: 80%) Jessica writhes in agony.
The iguana hisses angrily.
Jessica gestures wildly while chanting.
Jessica seems to speed up.
Jessica points at you and mumbles some strange words.
Pain shoots through your body!
Throw: 5 darts (poison)
Press: ? - help, Q - select action, (/) - cycle Shift-Dir - straight line, f/p - Jessica
Aim: Jessica, wielding a +0 dagger and wearing a +0 robe (lightly wounded, fast, 57% to hit)
You throw a poisoned dart. The poisoned dart hits Jessica.
Jessica is poisoned.
Jessica is lightly wounded.
Jessica casts a spell.
Jessica blinks!
Throw: 4 darts (poison)
Press: ? - help, Q - select action, (/) - cycle Shift-Dir - straight line, f - iguana, p - Jessica
Aim: an iguana (61% to hit)
You throw a poisoned dart.
The poisoned dart barely misses the iguana.
Jessica hits you with a +0 dagger.
* * * LOW HITPOINT WARNING * * *
The iguana misses you.
Casting: Pain (safe; 3% risk of failure)
Confirm with . or Enter, or press ? or * to list all spells.
The spell is extremely dangerous to cast (10% risk of failure)!
Continue anyway?
Aiming: Vampiric Draining (extremely dangerous; 10% risk of failure)
Press: ? - help, Shift-Dir - straight line, f - Jessica, p - iguana
Aim: Jessica, wielding a +0 dagger and wearing a +0 robe (moderately wounded, fast, poisoned)
You miscast Vampiric Draining.
You are very lightly contaminated with residual magic.
Nothing appears to happen.
Jessica barely misses you. The iguana bites you.
* * * LOW HITPOINT WARNING * * *
Jessica hits you with a +0 dagger.
You die...

######### ........#
#########'##### .
...<..........##### ...
###.#.(...........##....
#...#....(.......@......
....#'#...#.....@l(.†...
#...........###...!.....
'...........# #........(
#...........# #.....####
#...........# #.....#
#...........# #.....#
#...........+ ......#
............#######..
......†........


You could see an iguana and Jessica (fast, poisoned).

Vanquished Creatures
  An adder (D:2)
  3 ball pythons (D:1)
  An endoplasm (D:1)
  A goblin (D:1)
  A hobgoblin (D:1)
  2 quokkas
  3 bats
  A frilled lizard (D:1)
  3 kobolds (D:1)
  A rat (D:1)
17 creatures vanquished.

Notes
Turn   | Place    | Note
-------+----------+-------------------------------------------
     0 | D:1      | DogServant the Vine Stalker Necromancer began the quest for
                  | the Orb.
     0 | D:1      | Reached XP level 1. HP: 9/9 MP: 4/4
   671 | D:1      | Reached XP level 2. HP: 13/13 MP: 6/6
   714 | D:1      | Found a faded altar of an unknown god.
  1478 | D:2      | Noticed Jessica
  1494 | D:2      | Reached XP level 3. HP: 14/17 MP: 7/7
  1566 | D:2      | Learned a level 3 spell: Vampiric Draining
  1580 | D:2      | Slain by Jessica

Illustrated notes

Levels and vault maps discovered:
D:1:      dpeg_arrival_tiny_a, layout_loops_corners, basic_ecumenical_altar
D:2:      layout_basic, uniq_natasha, uniq_jessica

Action                   || total
-------------------------++-------
Melee: Dagger            ||    28
       Bite              ||     5
Throw: Dart              ||     2
 Cast: Pain              ||    11
 Stab: Sleeping          ||     5
Armor: Robe              ||     5
Dodge: Dodged            ||    15

Table legend: (Time is in decaauts)
 A = Elapsed time spent in this place.
 B = Non-inter-level travel time spent in this place.
 C = Inter-level travel time spent in this place.
 D = Time resting spent in this place.
 E = Time spent auto-exploring this place.
 F = Levels seen in this place.
 G = Mean time per level.
                   A        B        C        D        E       F      G
               +--------+--------+--------+--------+--------+-----+--------+
         Total |   1582 |   1473 |    109 |      0 |   1331 |   2 |  791.0 |
       Dungeon |   1582 |   1473 |    109 |      0 |   1331 |   2 |  791.0 |
               +--------+--------+--------+--------+--------+-----+--------+

Top non-repeatable levels by time:
     D:1: 1426 daAuts
     D:2: 156 daAuts
